 Dungeon Crawl Stone Soup version 0.29.1-2-gbd0b4ee654 (webtiles) character file.

Game seed: 5931128099277934888

626 cdecastro the Cleaver (level 7, 0/57 HPs)
             Began as a Hill Orc Fighter on Nov 12, 2022.
             Was a Believer of Uskayaw.
             Slain by a gnoll sergeant
             ... wielding a +5 trident of freezing
              (1 damage)
             ... on level 6 of the Dungeon.
             The game lasted 00:07:00 (4825 turns).

cdecastro the Cleaver (Hill Orc Fighter)            Turns: 4825, Time: 00:07:01

Health: 0/57       AC: 11    Str: 24    XL:     7   Next: 47%
Magic:  4/7        EV:  8    Int:  8    God:    Uskayaw [**....]
Gold:   236        SH:  0    Dex: 12    Spells: 6/6 levels left

rFire   + . .      SeeInvis .   b - +1 mace (venom)
rCold   + . .      Faith    +   (no shield)
rNeg    . . .      Spirit   .   A - +0 chain mail
rPois   .          Reflect  .   (no helmet)
rElec   .          Harm     .   n - +0 cloak
rCorr   +          Rampage  .   G - +0 pair of gloves {Str+3}
Will    .....                   (no boots)
Stlth   ..........              B - amulet of faith
HPRegen 0.19/turn               y - ring of the Barracuda {rF+ rCorr Dex+2}
MPRegen 0.10/turn               C - ring of protection from cold

@: mighty
A: no striking features
a: Renounce Religion, Stomp, Line Pass


You were on level 6 of the Dungeon.
You worshipped Uskayaw.
Uskayaw was noncommittal.
You visited 2 branches of the dungeon, and saw 9 of its levels.

You collected 236 gold pieces.

Inventory:

Hand Weapons
 a - a +0 war axe
 b - a +1 mace of venom (weapon)
 e - a +1 whip of draining
Missiles
 h - 24 stones (quivered)
 D - a throwing net
Armour
 n - a +0 cloak (worn)
 p - a +0 scale mail
 A - a +0 chain mail (worn)
 G - a +0 pair of gloves of strength (worn)
Magical Staves
 r - a staff of fire
Jewellery
 x - a ring of magical power
 y - the ring of the Barracuda (left hand) {rF+ rCorr Dex+2}
   (You found it on level 3 of the Dungeon)

   [ring of protection from fire]

   Dex:       It affects your dexterity (+2).
   rF:        It protects you from fire.
   rCorr:     It protects you from acid and corrosion.
 B - an amulet of faith (around neck)
 C - a ring of protection from cold (right hand)
Scrolls
 c - 2 scrolls of noise {unknown}
 f - 2 scrolls of magic mapping {unknown}
 g - a scroll of immolation {unknown}
 j - a scroll of summoning {unknown}
 k - 3 scrolls of poison {unknown}
 l - 5 scrolls of identify {unknown}
 q - a scroll of brand weapon {unknown}
 s - a scroll of enchant weapon {unknown}
 t - 2 scrolls of vulnerability {unknown}
 v - a scroll of teleportation {unknown}
Potions
 i - a potion of mutation {unknown}
 m - 2 potions of flight {unknown}
 o - 2 potions of degeneration {unknown}
 u - 3 potions of attraction {unknown}
 w - 2 potions of cancellation {unknown}
 z - a potion of heal wounds {unknown}
 E - a potion of brilliance {unknown}
 F - a potion of berserk rage {unknown}


   Skills:
 - Level 3.6 Fighting
 + Level 10.6 Axes
 - Level 3.2 Armour
 - Level 3.2 Shields


You had 6 spell levels left.
You didn't know any spells.
Your spell library contained the following spells:

 Spells                   Type           Power      Damage    Failure   Level
 Freeze                   Ice            0%         1d3       97%         1
 Poisonous Vapours        Pois/Air       0%         N/A       99%         2
 Frozen Ramparts          Ice            0%         1d1       100%        3
 Corpse Rot               Necr/Pois/Air  0%         N/A       100%        4
 Hailstorm                Conj/Ice       0%         3d3       100%        4


Dungeon Overview and Level Annotations

Branches:
Dungeon (8/15)             Temple (1/1) D:4
   Lair: D:8-11

Altars:
Ashenzari
Cheibriados
Dithmenos
Elyvilon
Fedhas
Gozag
Hepliaklqana
Kikubaaqudgha
Nemelex Xobeh
Okawaru
Qazlal
Ru
Sif Muna
Trog
Uskayaw
Vehumet
Wu Jian
Xom
Yredelemnul
Zin


Message History

Unknown command.
You sock the gnoll!
You kill the gnoll!
The gnoll closely misses you. x2; The gnoll sergeant barely misses you.
The gnoll barely misses you.
You can now stomp with the beat.
Unknown command.
You sock the gnoll!
You kill the gnoll!
The gnoll barely misses you.
The gnoll hits you from afar with a +0 halberd.
The gnoll sergeant barely misses you.
You can now pass through a line of other dancers.
You hit the gnoll.
The gnoll is poisoned.
The gnoll is severely wounded.
The gnoll hits you with a +0 spear.
The gnoll hits you from afar with a +0 halberd.
* * * LOW HITPOINT WARNING * * *
The gnoll sergeant hits you from afar with a +5 trident of freezing!
* * * LOW HITPOINT WARNING * * *
The gnoll sergeant freezes you.
* * * LOW HITPOINT WARNING * * *
You sock the gnoll!
You kill the gnoll!
The gnoll hits you but does no damage.
The shadow imp disappears for a moment.
The shadow imp barely misses you.
The gnoll sergeant hits you from afar with a +5 trident of freezing.
* * * LOW HITPOINT WARNING * * *
The shadow imp hits you but does no damage.
The gnoll sergeant closely misses you.
You see here a +0 spear.
Unknown command.
You hit the gnoll sergeant.
The gnoll sergeant is poisoned.
The gnoll sergeant is moderately wounded.
The shadow imp closely misses you.
The gnoll sergeant hits you with a +5 trident of freezing!
* * * LOW HITPOINT WARNING * * *
The gnoll sergeant freezes you.
You die...

### ##### #..
.... #g##...
#g#g.####.
######@#.......
.......5>.g#
.......).....#
................
..####.....#.###
# #...... ..
#....... ..
.......## #
...[.....


You could see a gnoll sergeant (very poisoned), 2 gnolls and a shadow imp.

Vanquished Creatures
  A wyvern (D:7)
  An ogre (D:4)
  A phantom (D:4)
  A necrophage (D:4)
  A jelly (D:5)
  An iguana (D:4)
  An orc wizard (D:3)
  3 gnolls (D:6)
  4 adders
  3 worms
  3 dart slugs
  6 orcs
  8 endoplasms
  9 giant cockroaches
  9 goblins
  4 hobgoblins
  3 jackals (D:1)
  6 kobolds
  7 quokkas
  4 ball pythons
  5 bats
  6 frilled lizards
  4 rats
91 creatures vanquished.

Vanquished Creatures (others)
  4 plants (D:4)
4 creatures vanquished.

Grand Total: 95 creatures vanquished

Notes
Turn   | Place    | Note
-------+----------+-------------------------------------------
     0 | D:1      | cdecastro the Hill Orc Fighter began the quest for the Orb.
     0 | D:1      | Reached XP level 1. HP: 19/19 MP: 1/1
    30 | D:1      | Reached skill level 3 in Axes
   345 | D:1      | Reached XP level 2. HP: 22/26 MP: 2/2
   418 | D:1      | Reached skill level 4 in Axes
   508 | D:1      | Reached XP level 3. HP: 31/31 MP: 3/3
   618 | D:1      | Found a faded altar of an unknown god.
  1052 | D:2      | Reached skill level 5 in Axes
  1632 | D:3      | Reached XP level 4. HP: 38/39 MP: 4/4
  1921 | D:3      | Reached skill level 6 in Axes
  2119 | D:3      | Reached XP level 5. HP: 45/45 MP: 5/5
  2401 | D:3      | Identified the ring of the Barracuda {rF+ rCorr Dex+2}
  2760 | D:4      | Noticed an ogre
  2805 | D:3      | Reached skill level 7 in Axes
  2935 | D:4      | Found a staircase to the Ecumenical Temple.
  2941 | Temple   | Entered the Ecumenical Temple
  3117 | Temple   | Became a worshipper of Uskayaw the Reveller
  3151 | D:4      | Reached * piety under Uskayaw
  3281 | D:4      | Noticed a phantom
  3291 | D:4      | Reached ** piety under Uskayaw
  3292 | D:4      | Reached *** piety under Uskayaw
  3293 | D:4      | Killed a phantom
  3294 | D:4      | Reached skill level 8 in Axes
  3294 | D:4      | Reached XP level 6. HP: 40/51 MP: 6/6
  4015 | D:4      | Reached skill level 9 in Axes
  4462 | D:5      | Entered Level 5 of the Dungeon
  4476 | D:5      | Reached XP level 7. HP: 55/57 MP: 7/7
  4541 | D:5      | You fall into a shaft and drop 3 floors!
  4588 | D:7      | Noticed a wyvern
  4598 | D:7      | Killed a wyvern
  4599 | D:7      | Reached skill level 10 in Axes
  4825 | D:6      | HP: 1/57 [gnoll sergeant/+5 trident of freezing (8)]
  4825 | D:6      | Slain by a gnoll sergeant

Illustrated notes

Levels and vault maps discovered:
D:1:      dpeg_arrival_orchard, layout_basic,
          shapermc_ecumenical_altar_acropolis, minmay_door_square,
          chequers_jeans
D:2:      wander_river, layout_basic
D:3:      layout_loops_ring, minmay_fractal_squares_diagonal_5
D:4:      minmay_inner_zag, layout_basic, minmay_temple_entry_hall,
          serial_bayou_pond_a, grunt_decor_resistance
D:5:      layout_basic, gammafunk_ghost_hive, lightli_sewer_entry_pipes,
          uniq_pikel
D:6:      layout_basic, nicolae_elemental_shop, uniq_crazy_yiuf_cottage
D:7:      layout_basic
D:8:      layout_gridville, amcnicky_altar_gilded, tso_oasis_becter,
          small_chamber_with_monster, st_stairs_3, minmay_the_grid_2x2
          [minmay_the_grid_outer_diamond, minmay_the_grid_doors,
          minmay_the_grid_x, minmay_the_grid_prize_diamond_cup]
Temple:   nicolae_temple_bog_church

Skill      XL: |  1  2  3  4  5  6  7 |
---------------+----------------------+-----
Axes           | 3 4 5 6 8 9 10 | 10.6
Fighting       | |  3.6
Armour         | |  3.2
Shields        | |  3.2

Action                   |  1- 3 |  4- 6 |  7- 9 || total
-------------------------+-------+-------+-------++-------
Melee: War axe           |    25 |    16 |       ||    41
       Whip              |    83 |       |       ||    83
       Mace              |     1 |   119 |    16 ||   136
       Punch             |       |     1 |       ||     1
Invok: Stomp             |       |       |     1 ||     1
  Use: Potion            |       |       |     1 ||     1
 Stab: Paralysed         |       |     1 |       ||     1
Armor: Scale mail        |    57 |    45 |       ||   102
       Chain mail        |       |    34 |     7 ||    41
Dodge: Dodged            |    45 |    64 |    18 ||   127
Block: Buckler           |     1 |       |       ||     1
